 Dungeon Crawl Stone Soup version 0.16-a0-324-g99bef82 (webtiles) character file.

2362 PolkaDot the Jinx (level 9, 0/57 HPs)
             Began as a Vampire Enchanter on Sept 3, 2014.
             Was a Priest of Makhleb.
             Slain by nht's ghost (30 damage)
             ... on Level 7 of the Dungeon.
             The game lasted 00:32:53 (10103 turns).

PolkaDot the Jinx (Vampire Enchanter)              Turns: 10103, Time: 00:32:54

HP   0/57        AC  3     Str  7      XL: 9   Next: 21%
MP  10/14        EV 13     Int 20      God: Makhleb [***...]
Gold 429         SH  0     Dex 16      Spells:  4 memorised,  4 levels left

rFire  . . .     SeeInvis +     q - +0 dagger
rCold  + + .     Clarity  .     b - +1 robe
rNeg   + + +     rCorr    .     (no shield)
rPois  +         rRot     +     (no helmet)
rElec  .         Spirit   .     (no cloak)
SustAb .         Warding  .     (no gloves)
rMut   .         Stasis   .     (no boots)
Gourm  .                        (no amulet)
MR     +....                    g - +2 ring of dexterity
                                i - cursed ring of protection from magic

@: bonded with blade, bloodless, non-regenerating, somewhat resistant to hostile
enchantments, very stealthy
A: bottle blood, fangs 3, see invisible, unbreathing
a: Bat Form, Bottle Blood, Minor Destruction, Lesser Servant of Makhleb,
Renounce Religion


You were on level 7 of the Dungeon.
You worshipped Makhleb.
Makhleb was most pleased with you.
You were bloodless.

You visited 2 branches of the dungeon, and saw 8 of its levels.

You collected 429 gold pieces.

Inventory:

Hand weapons
 a - a cursed +1 dagger
 q - a +0 dagger (weapon)
Missiles
 e - a throwing net (quivered)
Armour
 b - a +1 robe (worn)
Magical devices
 l - a wand of random effects (11) {unknown}
 n - a wand of slowing (10) {unknown}
 o - a wand of flame (15) {unknown}
 x - a wand of teleportation (7) {unknown}
 B - a wand of paralysis (19) {unknown}
 C - a wand of frost (9) {unknown}
Scrolls
 d - 4 scrolls of remove curse
 f - a scroll of immolation {unknown}
 m - 2 scrolls of fog {unknown}
 p - 3 scrolls of identify {unknown}
 s - a scroll of noise {unknown}
 t - 3 scrolls of enchant weapon {unknown}
 u - a scroll of teleportation {unknown}
 y - a scroll of recharging {unknown}
Jewellery
 g - a +2 ring of dexterity (right hand)
 i - a cursed ring of protection from magic (left hand)
 A - the ring of Shadows {Umbra +Inv rN+ SInv}
   (You found it on level 6 of the Dungeon)

   [ring of invisibility]

   It protects you from negative energy.
   It enhances your eyesight.
   It lets you turn invisible.
Potions
 h - a potion of magic {unknown}
 j - a potion of berserk rage {unknown}
 k - a potion of curing
 r - a potion of lignification {unknown}
 v - a potion of restore abilities {unknown}
 w - 2 potions of heal wounds {unknown}
 D - a potion of might {unknown}
Books
 c - a book of Maledictions

   Spells                             Type                      Level
   *Corona                            Hexes                        1
   *Sure Blade                        Hexes/Charms                 2
   *Ensorcelled Hibernation           Hexes/Ice                    2
   *Confuse                           Hexes                        3
   Dazzling Spray                     Conjuration/Hexes            3
   Enslavement                        Hexes                        4
 z - a book of the Earth

   Spells                             Type                      Level
   Leda's Liquefaction                Hexes/Earth                  4
   Bolt of Magma                      Conjuration/Fire/Earth       5
   Statue Form                        Transmutation/Earth          6
   Iron Shot                          Conjuration/Earth            6
   Shatter                            Earth                        9


   Skills:
 + Level 6.8 Short Blades
 - Level 2.1 Dodging
 + Level 10.2 Stealth
 - Level 2.0 Spellcasting
 * Level 12.5 Hexes
 - Level 2.0 Ice Magic


You had 4 spell levels left.
You knew the following spells:

 Your Spells              Type           Power        Failure   Level  Hunger
a - Corona                Hex            ######.      1%          1    #......
b - Sure Blade            Hex/Chrm       ####......   1%          2    ##.....
c - Confuse               Hex            ######..     1%          3    ###....
d - Ensorcelled Hibernat  Hex/Ice        ####..       1%          2    ##.....


Dungeon Overview and Level Annotations

Branches:
Dungeon (7/15)             Temple (1/1) D:4

Altars:
Ashenzari
Dithmenos
Gozag
Kikubaaqudgha
Makhleb
Nemelex Xobeh
Okawaru
Sif Muna
Trog
Xom
Yredelemnul

Shops:
D:3 *   D:6 !

Annotations:
D:7 nht's ghost, experienced TrMo


Innate Abilities, Weirdness & Mutations

You do not heal naturally.
You can bottle blood from corpses.
You have razor-sharp teeth.
You have supernaturally acute eyesight.
You can survive without breathing.


Message History

You become one with your weapon.
Nht's ghost hits you but does no damage.
You hit nht's ghost but do no damage. You bite nht's ghost, but do no damage.
Nht's ghost hits you.
You hit nht's ghost but do no damage. You bite nht's ghost, but do no damage.
You hit nht's ghost but do no damage. You bite nht's ghost, but do no damage.
Nht's ghost hits you!
You hit nht's ghost but do no damage. You hit nht's ghost but do no damage.
Nht's ghost closely misses you.
You hit nht's ghost but do no damage. Nht's ghost hits you!
* * * LOW HITPOINT WARNING * * *
You hit nht's ghost. You bite nht's ghost, but do no damage.
Nht's ghost is lightly damaged.
You hit nht's ghost but do no damage.
Nht's ghost is lightly damaged.
You hit nht's ghost but do no damage.
Nht's ghost is lightly damaged.
Nht's ghost hits you!!
Ouch! That really hurt!
You die...

### #.#
#######.#########################
................@W...............
#####.#.#################.#######
#.#)# ### #.# #< #.#.# #.#
####.#######
####.#.####.#########...........
#.##.#................##.#######
#.......>................#######
#.##.#....#.#.#######.##..##....
#.##.#..........................


You could see nht's ghost (confused).

Vanquished Creatures
  Pikel (D:7)
  The ghost of casual the Changer, an experienced DrTm (D:5)
  Menkaure (D:7)
  The ghost of wvc the Ruinous, an average DECj (D:4)
  A sky beast (D:6)
  A phantom (D:7)
  A slave (D:7)
  A centaur (D:4)
  3 ogres
  A crocodile (D:7)
  A scorpion (D:5)
  A hippogriff skeleton (D:7)
  A crimson imp (D:7)
  A jelly (D:6)
  3 orc priests
  A hound (D:6)
  3 iguanas
  2 orc wizards
  3 worker ants
  A worker ant zombie (D:6)
  10 adders
  5 gnolls
  4 worms
  2 giant mites
  An adder skeleton (D:4)
  4 giant geckos
  3 oozes
  28 orcs
  2 ball pythons (D:2)
  6 giant cockroaches
  18 hobgoblins
  A jackal (D:1)
  14 kobolds
  5 quokkas
  13 bats
  3 giant newts
  10 goblins
  A goblin skeleton (D:4)
  A jackal skeleton (D:4)
  An orc skeleton (D:7)
  16 rats
  A rat skeleton (D:6)
  A rat zombie (D:5)
179 creatures vanquished.

Vanquished Creatures (others)
  A slave (D:7)
  A quokka (D:7)
  A giant spore (D:7)
  A rat (D:7)
4 creatures vanquished.

Grand Total: 183 creatures vanquished

Notes
Turn   | Place    | Note
--------------------------------------------------------------
     0 | D:1      | PolkaDot, the Vampire Enchanter, began the quest for the Orb.
     0 | D:1      | Reached XP level 1. HP: 13/13 MP: 3/3
   263 | D:1      | Reached XP level 2. HP: 7/19 MP: 1/4
   389 | D:1      | Learned a level 2 spell: Ensorcelled Hibernation
   612 | D:1      | Reached skill level 1 in Ice Magic
  2503 | D:1      | Reached XP level 3. HP: 24/24 MP: 1/6
  3799 | D:1      | Reached skill level 5 in Stealth
  4901 | D:2      | Reached skill level 5 in Hexes
  4992 | D:2      | Reached XP level 4. HP: 28/30 MP: 4/7
  5645 | D:2      | Learned a level 3 spell: Confuse
  5665 | D:3      | Found an opulent altar of Gozag.
  5668 | D:3      | Found Gozag's Platinum Reserve.
  6190 | D:3      | Reached skill level 6 in Hexes
  6190 | D:3      | Reached XP level 5. HP: 25/35 MP: 2/9
  6782 | D:3      | Learned a level 2 spell: Sure Blade
  6790 | D:4      | Noticed wvc's ghost (average DECj)
  6794 | D:4      | Found a deep blue altar of Sif Muna.
  6801 | D:4      | Found an ancient bone altar of Kikubaaqudgha.
  6808 | D:4      | Killed wvc's ghost
  6808 | D:4      | Reached skill level 7 in Hexes
  6808 | D:4      | Reached XP level 6. HP: 24/41 MP: 4/10
  6891 | D:4      | Found a staircase to the Ecumenical Temple.
  6897 | Temple   | Entered the Ecumenical Temple
  6901 | Temple   | Became a worshipper of Makhleb the Destroyer
  7164 | D:4      | Found a shadowy altar of Dithmenos.
  7167 | D:4      | Noticed a centaur
  7179 | D:4      | Killed a centaur
  7179 | D:4      | Reached skill level 8 in Hexes
  7179 | D:4      | Reached XP level 7. HP: 46/46 MP: 6/12
  7298 | D:4      | Acquired Makhleb's first power
  7911 | D:5      | Entered Level 5 of the Dungeon
  7981 | D:5      | Noticed casual's ghost (experienced DrTm)
  8000 | D:5      | Killed casual's ghost
  8000 | D:5      | Reached skill level 9 in Hexes
  8186 | D:5      | Reached XP level 8. HP: 52/52 MP: 10/13
  8268 | D:5      | Reached skill level 5 in Short Blades
  8268 | D:5      | Reached skill level 10 in Hexes
  8898 | D:6      | Found an iron altar of Okawaru.
  8972 | D:6      | Acquired Makhleb's second power
  9335 | D:6      | Found Smulasch's Distillery.
  9358 | D:6      | Found a sparkling altar of Nemelex Xobeh.
  9453 | D:6      | Reached skill level 11 in Hexes
  9646 | D:7      | Noticed Pikel
  9662 | D:7      | Killed Pikel
  9671 | D:7      | Found a shimmering altar of Xom.
  9686 | D:7      | Reached skill level 12 in Hexes
  9745 | D:7      | Reached XP level 9. HP: 44/57 MP: 3/14
  9855 | D:7      | Noticed Menkaure
  9866 | D:7      | Killed Menkaure
  9866 | D:7      | Reached skill level 10 in Stealth
 10044 | D:7      | Acquired Makhleb's third power
 10086 | D:7      | Noticed nht's ghost (experienced TrMo)
 10103 | D:7      | Slain by nht's ghost

Action                   |  1- 3 |  4- 6 |  7- 9 || total
-------------------------+-------+-------+-------++-------
Melee: Dagger            |   112 |   124 |   195 ||   431
 Cast: Corona            |    17 |     4 |       ||    21
       Ensorcelled Hiber |    25 |    45 |    50 ||   120
       Confuse           |       |     2 |     7 ||     9
       Sure Blade        |       |       |     3 ||     3
  Use: Potion            |     1 |     6 |       ||     7
       Scroll            |       |     3 |       ||     3
 Stab: Sleeping          |    30 |    44 |    56 ||   130
       Invisible         |       |     2 |       ||     2
       Distracted        |       |     1 |       ||     1
       Confused          |       |     2 |     7 ||     9
  Eat: Corpse            |     8 |       |       ||     8
